AoeStats
← TiTanus21

Arena

510132091Analyzed
4v4 RM · 2d ago on Sep 29, 2026· 87m 2s· 8 players
Game mode
Random Map
Map size
Large (8 player)
Population
200
Speed
Normal
Resources
Standard
Victory
Conquest
Starting age
Dark Age
Ending age
Imperial Age
RankedLock teamsTeams togetherTeam positionsShared explorationLock speedFull tech treeHidden civsTurbo modeCheats
Victory
Defeat
🇨🇿 Teutons · Czechia
934
+18
🇨🇿 Bohemians · Czechia
883
+20
🇨🇿 Burgundians · Czechia
874
+20
🇨🇿 Byzantines · Czechia
865
+21
🇦🇲 Franks · Armenia
1002
-21
🇸🇪 Celts · Sweden
975
-20
🇸🇪 Bohemians · Sweden
960
-19
🇬🇧 Byzantines · United Kingdom
948
-19
MatteMaxiBoi
12:55 Feudal Age
13:38 Double-Bit Axe
13:36 Horse Collar
17:11 Castle Age
17:01 Padded Archer Armor
18:36 Bow Saw
18:31 Heavy Plow
18:49 Leather Archer Armor
20:51 Chemistry
27:09 Wheelbarrow
29:11 Hand Cart
38:51 Caravan
46:51 Coinage
g.mag
11:05 Feudal Age
15:44 Castle Age
14:16 Double-Bit Axe
18:02 Bow Saw
18:39 Loom
30:41 Murder Holes
30:42 Fletching
30:53 Padded Archer Armor
32:57 Husbandry
35:32 Imperial Age
36:23 Wheelbarrow
35:33 Town Watch
36:49 Forging
36:39 Scale Mail Armor
38:35 Iron Casting
38:06 Scale Barding Armor
37:57 Cavalier
38:55 Chain Mail Armor
38:04 Pikeman
38:44 Squires
38:31 Gambesons
39:51 Ballistics
40:31 Chemistry
41:05 Blast Furnace
41:41 Paladin
42:03 Elite Throwing Axeman
43:55 Plate Mail Armor
43:48 Chain Barding Armor
43:11 Ordonnance Companies
45:13 Plate Barding Armor
45:10 Plate Mail Armor
44:28 Heavy Mounted Crossbowman
44:28 Cranequins
45:05 Bodkin Arrow
48:01 Chivalry
53:02 Light Cavalry
75:59 Heavy Scorpion
PEPPER MINT FRESH
7:44 Loom
11:09 Feudal Age
13:09 Double-Bit Axe
20:35 Castle Age
19:27 Horse Collar
19:40 Gold Mining
19:55 Stone Mining
21:01 Fletching
21:12 Padded Archer Armor
22:52 Bodkin Arrow
23:12 Leather Archer Armor
23:31 Bow Saw
24:45 Wheelbarrow
24:00 Elite Skirmisher
26:47 Ballistics
28:36 Scale Mail Armor
29:07 Hand Cart
29:34 Thumb Ring
31:24 Chain Mail Armor
35:37 Forging
35:33 Scale Barding Armor
35:57 Heavy Plow
40:36 Imperial Age
39:54 Chain Barding Armor
40:10 Iron Casting
40:00 Gambesons
40:43 Elite Varangian Guard
41:24 Squires
41:10 Arson
41:49 Conscription
45:44 Plate Barding Armor
45:51 Plate Mail Armor
47:14 Pikeman
47:34 Elite Cataphract
49:48 Halberdier
55:33 Logistica
68:39 Fortified Wall
76:12 Light Cavalry
76:53 Husbandry
Mowei
13:10 Feudal Age
14:36 Double-Bit Axe
15:14 Stone Mining
17:30 Castle Age
19:04 Bow Saw
18:52 Gold Mining
20:44 Wheelbarrow
28:36 Imperial Age
26:25 Pikeman
26:50 Arson
27:39 Horse Collar
28:38 Hand Cart
28:45 Scale Mail Armor
28:42 Loom
28:48 Halberdier
29:27 Capped Ram
30:59 Conscription
33:53 Stone Shaft Mining
35:45 Sanctity
38:55 Chain Mail Armor
41:39 Plate Mail Armor
44:27 Furor Celtica
50:59 Caravan
51:27 Siege Ram
64:47 Man-at-Arms
65:12 Gambesons
65:42 Long Swordsman
67:44 Heavy Scorpion
68:34 Two-Handed Swordsman
72:32 Light Cavalry
75:07 Heavy Plow
Juklik
2:29 Loom
2:48 Loom
2:59 Loom
10:35 Feudal Age
11:27 Double-Bit Axe
12:50 Horse Collar
15:58 Stone Mining
20:22 Castle Age
19:01 Scale Mail Armor
19:20 Gold Mining
19:52 Fletching
21:16 Forging
21:19 Bow Saw
21:13 Heavy Plow
22:41 Chain Mail Armor
25:06 Ballistics
24:27 Pikeman
26:46 Bodkin Arrow
28:40 Gambesons
29:11 Town Watch
30:02 Wheelbarrow
30:09 Squires
34:23 Masonry
42:35 Imperial Age
40:24 Hand Cart
42:12 Iron Casting
43:20 Elite Teutonic Knight
44:25 Conscription
45:12 Halberdier
53:54 Blast Furnace
53:25 Plate Mail Armor
56:12 Crop Rotation
72:02 Arson
75:45 Town Patrol
TiTanus21
0:36 Loom
10:05 Feudal Age
10:48 Double-Bit Axe
11:56 Horse Collar
18:51 Castle Age
18:22 Wheelbarrow
20:22 Bow Saw
23:22 Scale Barding Armor
24:28 Forging
28:24 Heavy Plow
31:59 Husbandry
41:13 Imperial Age
39:09 Hand Cart
42:07 Ballistics
42:27 Iron Casting
42:13 Chain Barding Armor
41:45 Fletching
41:54 Elite Varangian Guard
43:22 Gold Mining
43:23 Stone Mining
44:06 Crop Rotation
45:05 Squires
46:59 Scale Mail Armor
46:55 Bodkin Arrow
47:05 Heavy Camel Rider
48:42 Conscription
49:13 Logistica
57:05 Plate Barding Armor
56:46 Chain Mail Armor
56:32 Bracer
62:52 Pikeman
63:18 Gambesons
63:22 Halberdier
65:54 Greek Fire
66:30 Hoardings
66:53 Elite Skirmisher
69:54 Chemistry
68:51 Murder Holes
71:42 Thumb Ring
72:34 Caravan
73:11 Cavalier
75:03 Elite Cataphract
79:52 Plate Mail Armor
79:23 Padded Archer Armor
85:40 Bombard Tower
Furthad
1:13 Loom
7:38 Double-Bit Axe
9:24 Horse Collar
10:47 Wheelbarrow
12:40 Feudal Age
11:09 Gold Mining
14:13 Heavy Plow
17:02 Bow Saw
19:10 Gold Shaft Mining
21:04 Castle Age
19:08 Stone Mining
21:37 Stone Shaft Mining
21:32 Caravan
23:07 Forging
23:05 Scale Barding Armor
23:38 Cavalier
24:19 Husbandry
25:16 Iron Casting
25:02 Chain Barding Armor
25:23 Crop Rotation
26:21 Two-Man Saw
27:01 Ballistics
26:39 Fletching
32:22 Bodkin Arrow
37:32 Imperial Age
35:22 Hand Cart
34:53 Town Watch
39:32 Blast Furnace
39:08 Plate Barding Armor
40:19 Conscription
41:32 Paladin
44:37 Burgundian Vineyards
52:12 Squires
51:33 Pikeman
53:11 Halberdier
53:58 Man-at-Arms
57:21 Elite Skirmisher
58:45 Sappers
62:27 Hoardings
62:24 Padded Archer Armor
61:56 Light Cavalry
77:56 Guilds
DUR4 Charlie
0:27 Loom
11:32 Feudal Age
12:26 Double-Bit Axe
16:29 Castle Age
14:46 Horse Collar
26:37 Fletching
26:48 Padded Archer Armor
26:38 Town Watch
27:28 Wheelbarrow
30:13 Wagenburg Tactics
31:29 Bow Saw
31:21 Heavy Plow
35:07 Imperial Age
34:10 Ballistics
33:45 Murder Holes
34:51 Chemistry
33:17 Elite Skirmisher
33:29 Pikeman
34:09 Squires
33:55 Arson
34:51 Husbandry
37:06 Two-Man Saw
36:21 Masonry
36:13 Bodkin Arrow
36:28 Forging
36:34 Leather Archer Armor
36:20 Scale Mail Armor
36:26 Scale Barding Armor
36:28 Elite Hussite Wagon
37:30 Conscription
36:37 Halberdier
38:45 Bracer
40:01 Houfnice
44:23 Architecture
43:59 Siege Engineers
45:50 Hussite Reforms
52:25 Hand Cart
52:11 Town Patrol
51:48 Sappers
51:39 Man-at-Arms
51:40 Crossbowman
51:42 Capped Ram
51:43 Onager
51:43 Heavy Scorpion
51:48 Cavalier
53:05 Iron Casting
52:45 Chain Mail Armor
70:49 Caravan
82:12 Arrowslits
82:38 Fortified Wall
82:33 Siphons
82:39 Clinker Construction
82:50 Bombard Tower
82:20 Guard Tower
86:02 Blast Furnace
85:44 Plate Mail Armor
85:44 Ring Archer Armor
85:35 Chain Barding Armor
85:35 Careening
85:37 Incendiaries
84:53 Long Swordsman
86:19 Spies/Treason
Connection lost

Rejoining the realm…

Still unreachable

The connection could not be restored.

Session expired

The server has moved on; the page needs a fresh start.